 Dungeon Crawl Stone Soup version 0.22-a0-283-g1871b15 (webtiles) character file.

1841 lilbarb the Frost Mage (level 9, 0/57 HPs)
             Began as a Human Ice Elementalist on Mar 19, 2018.
             Slain by an ice beast (2 damage)
             ... on level 6 of the Dungeon.
             The game lasted 00:25:59 (5877 turns).

lilbarb the Frost Mage (Human Ice Elementalist)     Turns: 5877, Time: 00:26:00

Health: 0/57       AC:  3    Str:  9    XL:     9   Next: 33%
Magic:  25/26      EV: 12    Int: 18    God:
Gold:   317        SH:  0    Dex: 14    Spells: 12/19 levels left

rFire    + . .     SeeInvis .   j - +0 whip (elec)
rCold    + . .     Gourm    .   (no shield)
rNeg     . . .     Faith    .   t - +1 robe {MR+}
rPois    +         Spirit   .   (no helmet)
rElec    +         Reflect  .   (no cloak)
rCorr    +         Harm     .   (no gloves)
MR       +....                  (no boots)
Stlth    ++........             m - amulet of regeneration
HPRegen  0.59/turn              l - +2 ring of slaying
MPRegen  0.20/turn              o - ring of magical power

@: resistant
A: no striking features
a: no special abilities


You were on level 6 of the Dungeon.
You were hungry.

You visited 1 branch of the dungeon, and saw 6 of its levels.

You collected 317 gold pieces.

Inventory:

Hand Weapons
 j - a +0 whip of electrocution (weapon)
 p - a +0 short sword of draining
Armour
 t - a +1 robe of magic resistance (worn)
Jewellery
 l - a +2 ring of slaying (left hand)
 m - an amulet of regeneration (around neck)
 o - a ring of magical power (right hand)
 u - an uncursed ring of fire
Scrolls
 a - a scroll of random uselessness {unknown}
 b - 2 scrolls of fog
 e - a scroll of blinking
 f - 5 scrolls of identify
 h - a scroll of remove curse
 i - 3 scrolls of teleportation
 n - 2 scrolls of magic mapping
 r - a scroll of enchant armour {unknown}
 w - a scroll of vulnerability {unknown}
Potions
 d - a potion of might {unknown}
 g - a potion of magic {unknown}
 k - 3 potions of flight
 q - a potion of resistance
 s - 2 potions of degeneration {unknown}
Comestibles
 c - 6 rations


   Skills:
 - Level 2.0 Dodging
 - Level 2.0 Stealth
 + Level 5.5 Spellcasting
   Level 1.0 Conjurations
 * Level 5.8 Summonings
 * Level 8.6 Ice Magic


You had 12 spell levels left.
You knew the following spells:

 Your Spells              Type           Power        Failure   Level  Hunger
a - Freeze                Ice            ####         1%          1    None
b - Summon Ice Beast      Ice/Summ       ####....     6%          4    ####...
c - Blink                 Tloc           N/A          19%         2    #......


Dungeon Overview and Level Annotations

Branches:
Dungeon (6/15)
 Temple: D:4-7

Altars:
Elyvilon

Annotations:
D:3 exclusion: downstairs


Message History

All of the chunks of flesh in your inventory have rotted away.
The ice beast hits you.
* * * LOW HITPOINT WARNING * * *
The ice beast freezes you!
* * * LOW HITPOINT WARNING * * *
Your ice beast hits the ice beast but does no damage.
You feel protected. The ice beast misses you.
Firing (i - inventory) No suitable missiles.
Press: ? - help, Shift-Dir - straight line, f - ice beast
Aim: an ice beast (moderately wounded)
Okay, then.
You hit the ice beast but do no damage.
Lightning courses through the ice beast!
The ice beast is heavily wounded.
Your ice beast hits the ice beast but does no damage.
The ice beast hits you.
* * * LOW HITPOINT WARNING * * *
The ice beast freezes you. You resist.
You die...

**,,,##.###....#*,,,,,,,,,,**
*,,*##....#....#*,,,,,,,,,,,**
***##......#...##....,,,,,,,,*
#......>#...##...,,,,,,,***
*#...........#*...,,,,,*** #
#...!........##...,,**** ##
#.........#...##.##** #.
#...........Y.##..# ##.
#............Y@#..# #..
#..............#..# ##.#
#.................## #..#
*#.................#########.##
*#................#......#..#
*****......................#.##
**,,,,,..............##.......#
*,,,,,,,...(....#.....##.....##
*,,,,,,,,...#.....#....####..#


You could see an ice beast and a friendly ice beast.

Vanquished Creatures
  Sigmund (D:3)
  An orc warrior (D:6)
  2 phantoms
  An ogre (D:5)
  A bullfrog (D:6)
  A wyvern skeleton (D:6)
  A scorpion (D:6)
  A howler monkey (D:4)
  2 crimson imps
  4 jellies
  5 orc priests
  2 orc wizards
  Terence (D:2)
  3 worker ants
  A worker ant zombie (D:6)
  6 adders
  7 gnolls
  A shadow imp (D:5)
  11 oozes
  3 worms
  2 leopard geckos
  15 orcs
  6 bats
  3 giant cockroaches
  17 goblins
  8 hobgoblins
  3 jackals
  5 quokkas
  10 frilled lizards
  17 kobolds
  A leopard gecko skeleton (D:4)
  A quokka skeleton (D:5)
  12 rats
155 creatures vanquished.

Vanquished Creatures (collateral kills)
  Prince Ribbit (D:5)
  An orc warrior (D:6)
  2 ogres
  A phantom (D:4)
  2 orc wizards
  7 orcs
  A jackal (D:5)
  A quokka (D:6)
16 creatures vanquished.

Vanquished Creatures (others)
  A fungus (D:3)
  8 toadstools (D:3)
9 creatures vanquished.

Grand Total: 180 creatures vanquished

Notes
Turn   | Place    | Note
-------+----------+-------------------------------------------
     0 | D:1      | lilbarb the Human Ice Elementalist began the quest for the Orb.
     0 | D:1      | Reached XP level 1. HP: 13/13 MP: 3/3
   200 | D:1      | Reached XP level 2. HP: 16/19 MP: 0/5
   594 | D:1      | Reached XP level 3. HP: 24/24 MP: 1/6
  1216 | D:2      | Reached skill level 4 in Ice Magic
  1534 | D:2      | Reached XP level 4. HP: 25/30 MP: 7/7
  2012 | D:3      | Noticed Terence
  2033 | D:2      | Killed Terence
  2033 | D:2      | Reached XP level 5. HP: 23/35 MP: 2/9
  2171 | D:3      | Reached skill level 5 in Ice Magic
  2385 | D:3      | Noticed Sigmund
  2401 | D:3      | Killed Sigmund
  2401 | D:3      | Reached XP level 6. HP: 21/41 MP: 3/11
  2607 | D:3      | Learned a level 4 spell: Summon Ice Beast
  2619 | D:3      | Reached skill level 6 in Ice Magic
  2799 | D:3      | Reached XP level 7. HP: 46/46 MP: 12/12
  2993 | D:3      | Reached skill level 1 in Summonings
  3541 | D:4      | Reached XP level 8. HP: 16/52 MP: 11/14
  3626 | D:4      | Learned a level 2 spell: Blink
  3648 | D:4      | Reached skill level 7 in Ice Magic
  3855 | D:4      | HP: 2/52 [ogre/giant club (24)]
  4400 | D:5      | Entered Level 5 of the Dungeon
  4653 | D:5      | Noticed Prince Ribbit
  4677 | D:5      | Killed Prince Ribbit
  4677 | D:5      | Reached skill level 5 in Spellcasting
  4709 | D:5      | Reached skill level 8 in Ice Magic
  4961 | D:5      | Found a white marble altar of Elyvilon.
  5214 | D:6      | Reached XP level 9. HP: 53/57 MP: 16/16
  5341 | D:6      | Reached skill level 5 in Summonings
  5870 | D:6      | HP: 2/57 [ice beast (9)]
  5877 | D:6      | HP: 2/57 [ice beast (4)]
  5877 | D:6      | Slain by an ice beast

Vault maps used:
D:1:      dpeg_arrival_rhombus, minmay_misc_feat_iff, minmay_liquid_box,
          minmay_split_cup_small
D:2:      first_ration, minmay_misc_feat_plants
D:3:      cheibrodos_fertilizer, st_stairs_10, uniq_terence, uniq_sigmund
D:5:      lemuel_coloured_pillars_altar, uniq_prince_ribbit1
D:6:      cheibrodos_helix_gallery

Skill      XL: |  1  2  3  4  5  6  7  8  9 |
---------------+----------------------------+-----
Ice Magic      | 4 5 6 8 |  8.6
Spellcasting   | 3 4 5 |  5.5
Summonings     | 2 4 5 |  5.8
Dodging        | |  2.0
Stealth        | |  2.0
Conjurations   | |  1.0

Action                   |  1- 3 |  4- 6 |  7- 9 || total
-------------------------+-------+-------+-------++-------
Melee: Dagger            |     2 |       |       ||     2
       Whip              |    17 |    55 |   171 ||   243
 Cast: Freeze            |    50 |    54 |    97 ||   201
       Summon Ice Beast  |       |       |    17 ||    17
  Use: Scroll            |       |     4 |     3 ||     7
       Potion            |       |       |     1 ||     1
 Stab: Sleeping          |     4 |     2 |     3 ||     9
  Eat: Chunk             |     2 |     5 |    12 ||    19
Armor: Robe              |     4 |    10 |    31 ||    45
Dodge: Dodged            |    29 |    58 |   123 ||   210

Table legend:
 A = Spawn XP
 B = Non-spawn XP
 C = Spawn XP percentage of total XP
 D = Spawn monster count
 E = Non-spawn monster count
 F = Spawn count percentage of total count
 G = Total turns spent on level
                    A         B        C        D         E        F      G
               +---------+---------+-------+---------+---------+-------+---------
         Total |       0 |    2631 |   0.0 |       0 |     171 |   0.0 |  5877
               +---------+---------+-------+---------+---------+-------+---------
           D:1 |       0 |      48 |   0.0 |       0 |      27 |   0.0 |  1151
           D:2 |       0 |      88 |   0.0 |       0 |      19 |   0.0 |   911
           D:3 |       0 |     722 |   0.0 |       0 |      62 |   0.0 |  1500
           D:4 |       0 |     599 |   0.0 |       0 |      23 |   0.0 |   838
           D:5 |       0 |     505 |   0.0 |       0 |      18 |   0.0 |   808
           D:6 |       0 |     669 |   0.0 |       0 |      22 |   0.0 |   669
               +---------+---------+-------+---------+---------+-------+---------
